 Dungeon Crawl Stone Soup version 0.24.1-14-gf8d2b509d9 (webtiles) character file.

Game seed: 17666459491560282556, levelgen mode: deterministic

31 lepoulpe303 the Vexing (level 3, 0/20 HPs)
             Began as a Deep Elf Arcane Marksman on May 18, 2020.
             Slain by a jackal (2 damage)
             ... on level 2 of the Dungeon.
             The game lasted 00:06:27 (2338 turns).

lepoulpe303 the Vexing (Deep Elf Arcane Marksman)   Turns: 2338, Time: 00:06:27

Health: 0/20       AC:  2    Str:  8    XL:     3   Next: 7%
Magic:  4/8        EV: 13    Int: 17    God:
Gold:   50         SH:  0    Dex: 15    Spells: 3/6 levels left

rFire    . . .     SeeInvis .   a - +0 dagger
rCold    . . .     Gourm    .   (no shield)
rNeg     . . .     Faith    .   f - +0 robe
rPois    .         Spirit   .   (no helmet)
rElec    .         Reflect  .   (no cloak)
rCorr    .         Harm     .   (no gloves)
MR       .....                  (no boots)
Stlth    +.........             (no amulet)
HPRegen  0.06/turn              (no ring)
MPRegen  0.11/turn              (no ring)

@: no status effects
A: no striking features
a: no special abilities


You were on level 2 of the Dungeon.
You were hungry.

You visited 1 branch of the dungeon, and saw 2 of its levels.

You collected 50 gold pieces.

Inventory:

Hand Weapons
 a - a +0 dagger (weapon)
 b - a +0 shortbow
Missiles
 g - 8 datura-tipped darts
 n - 6 poisoned darts (quivered)
 o - 5 curare-tipped darts
 Q - 47 arrows
Armour
 f - a +0 robe (worn)
 l - a +2 leather armour of cold resistance
Scrolls
 i - a scroll of teleportation {unknown}
 j - a scroll of magic mapping {unknown}
 k - a scroll of noise {unknown}
Potions
 c - a potion of mutation {unknown}
 d - a potion of curing {unknown}
 h - a potion of brilliance {unknown}
 m - a potion of ambrosia {unknown}
 p - a potion of cancellation {unknown}
Comestibles
 e - 2 rations


   Skills:
 + Level 1.0 Fighting
 + Level 0.5 Short Blades
 * Level 2.6 Bows
 + Level 2.6 Dodging
 * Level 2.4 Spellcasting
 * Level 4.4 Hexes


You had 3 spell levels left.
You knew the following spells:

 Your Spells              Type           Power        Failure   Level  Hunger
s - Slow                  Hex            ###.....     4%          2    ##.....
v - Corona                Hex            ###....      3%          1    #......

Your spell library contained the following spells:

 Spells                   Type           Power        Failure   Level  Hunger
 Inner Flame              Hex/Fire       #.......     22%         3    ###....
 Portal Projectile        Hex/Tloc       #.....       22%         3    ###....
 Cause Fear               Hex            ###.......   30%         4    #####..
 Leda's Liquefaction      Hex/Erth       #.........   58%         4    #####..


Dungeon Overview and Level Annotations

Branches:
Dungeon (2/15)

Altars:


Message History

You barely miss the jackal. The jackal bites you. The orc barely misses you.
The jackal bites you.
* * * LOW HITPOINT WARNING * * *
You take 4 damage, and have 11/20 hp.
Unknown command.
You hit the jackal.
The orc hits you from afar with a +0 trident.
* * * LOW HITPOINT WARNING * * *
The jackal bites you.
* * * LOW HITPOINT WARNING * * *
You take 8 damage, and have 3/20 hp.
MASSIVE DAMAGE!!
Aim: a jackal (severely wounded, chance to defeat MR: 71%)
The jackal struggles to resist.
The jackal bites you.
* * * LOW HITPOINT WARNING * * *
The jackal misses you.
You take 1 damage, and have 2/20 hp.
You now have 6/8 mp.
Aim: a jackal (severely wounded, chance to defeat MR: 71%)
The jackal seems to slow down.
The jackal bites you.
You die...

##.#.####
##.#....#
##.####.######
#########
.............#
#.$......
...####.####.##
#........ ####
#.# #..#
#.....[.. #.#
##.## #........
# #.#
#..###oo......
.. ...
##..@h#####.o.
## ### ###### .
..


You could see 2 orcs and a jackal.

Levels and vault maps discovered:
D:1:      lemuel_arrival_rhombus, layout_basic
D:2:      layout_basic, nicolae_ru_awakened_eye, old_standard_altar,
          chequers_ecumenical_altar_lobes, minmay_tiny_reverse_x

Notes
Turn   | Place    | Note
-------+----------+-------------------------------------------
     0 | D:1      | lepoulpe303 the Deep Elf Arcane Marksman began the quest
                  | for the Orb.
     0 | D:1      | Reached XP level 1. HP: 11/11 MP: 5/5
   126 | D:1      | Identified a +0 dagger
   259 | D:1      | Identified a +0 club
   706 | D:1      | Reached XP level 2. HP: 16/16 MP: 6/6
   710 | D:1      | Learned a level 2 spell: Slow
   783 | D:1      | Reached skill level 2 in Spellcasting
   799 | D:1      | Identified a +0 dagger
  1187 | D:1      | Identified a cursed -1 club
  1194 | D:1      | Reached skill level 1 in Fighting
  1324 | D:1      | HP: 3/16 [dart slug/slug dart (4)]
  1329 | D:1      | Identified a +0 shortbow
  1701 | D:1      | Identified a +0 club
  1719 | D:1      | Reached XP level 3. HP: 12/20 MP: 8/8
  2323 | D:2      | Identified a +0 hand axe
  2323 | D:2      | Identified a +0 chain mail
  2324 | D:2      | Identified a +0 trident
  2335 | D:2      | HP: 3/20 [jackal (3)]
  2338 | D:2      | Slain by a jackal

Table legend:
 A = Turns spent in this place as a percentage of turns spent in the entire game.
 B = Non-inter-level travel turns spent in this place as a percentage of non-inter-level travel turns spent in the entire game.
 C = Inter-level travel turns spent in this place as a percentage of turns spent in this place.
 D = Turns resting spent in this place as a percentage of non-inter-level travel turns spent in this place.
 E = Turns spent auto-exploring this place as a percentage of non-inter-level travel turns spent in this place.
 F = Non-inter-level travel turns spent in this place divided by the number of levels of this place that you've seen.
                   A       B       C       D       E      F
               +-------+-------+-------+-------+-------+----------------------
         Total | 100.0 | 100.0 |  14.2 |  46.3 |  30.1 | 1003.5
       Dungeon | 100.0 | 100.0 |  14.2 |  46.3 |  30.1 | 1003.5
               +-------+-------+-------+-------+-------+----------------------

Table legend:
 A = Kills in this place as a percentage of kills in entire the game.
 B = Kills by you in this place as a percentage of kills by you in the entire game.
 C = Kills by friends in this place as a percentage of kills by friends in the entire game.
 D = Other kills in this place as a percentage of other kills in the entire game.
 E = Experience gained in this place as a percentage of experience gained in the entire game.
 F = Experience gained in this place divided by the number of levels of this place that you have seen.
                   A       B       C       D       E      F
               +-------+-------+-------+-------+-------+----------------------
         Total | 100.0 | 100.0 |   N/A |   N/A | 100.0 |  22.5
       Dungeon | 100.0 | 100.0 |   N/A |   N/A | 100.0 |  22.5
               +-------+-------+-------+-------+-------+----------------------

Skill      XL: |  1  2 |
---------------+-------+-----
Spellcasting   | 2 |  2.4
Fighting       | 1 |  1.0
Short Blades   | |  0.5
Bows           | |  2.6
Dodging        | |  2.6
Hexes          | |  4.4

Action                   || total
-------------------------++-------
Melee: Dagger            ||   141
 Fire: Shortbow          ||     9
 Cast: Corona            ||     2
       Slow              ||     3
  Eat: Chunk             ||     4
Armor: Robe              ||    43
Dodge: Dodged            ||   132

Vanquished Creatures
  A dart slug (D:1)
  A leopard gecko (D:1)
  2 ball pythons (D:1)
  3 bats (D:1)
  A giant cockroach (D:1)
  6 goblins (D:1)
  3 hobgoblins (D:1)
  A jackal (D:2)
  A kobold (D:1)
  5 rats
24 creatures vanquished.
